 Dungeon Crawl Stone Soup version 0.27.0-1-g7a089689b8 (webtiles) character file.

Game seed: 4621863878152963644

7 rvierbuc the Ruffian (level 1, -5/18 HPs)
             Began as a Troll Transmuter on Aug 4, 2021.
             Slain by Sigmund (9 damage)
             ... on level 2 of the Dungeon.
             The game lasted 00:05:29 (338 turns).

rvierbuc the Ruffian (Troll Transmuter)              Turns: 338, Time: 00:05:30

Health: -5/18      AC:  4    Str: 17    XL:     1   Next: 91%
Magic:  1/1        EV:  9    Int:  9    God:
Gold:   8          SH:  0    Dex: 10    Spells: 1/2 levels left

rFire    . . .     SeeInvis .     - Unarmed
rCold    . . .     Faith    .   (no shield)
rNeg     . . .     Spirit   .   a - +0 robe
rPois    .         Reflect  .   (helmet restricted)
rElec    .         Harm     .   (no cloak)
rCorr    .         Rampage  .   (gloves unavailable)
Will     .....                  (boots unavailable)
Stlth    +.........             e - amulet of magic regeneration
HPRegen  1.06/turn              (no ring)
MPRegen  0.32/turn              (no ring)

@: no status effects
A: large, unfitting armour, claws 3, regeneration 1, shaggy fur 1, tough skin 1
a: no special abilities


You were on level 2 of the Dungeon.
You visited 1 branch of the dungeon, and saw 2 of its levels.

You collected 8 gold pieces.

Inventory:

Armour
 a - a +0 robe (worn)
Jewellery
 e - an amulet of magic regeneration (around neck)
Potions
 b - a potion of degeneration {unknown}
 c - a potion of ambrosia {unknown}
 d - 2 potions of heal wounds {unknown}


   Skills:
 + Level 0.7 Fighting
 + Level 1.7 Dodging
 + Level 3.3 Unarmed Combat
 + Level 1.3 Spellcasting
 + Level 1.4 Transmutations


You had one spell level left.
You knew the following spells:

 Your Spells              Type           Power      Damage    Failure   Level
a - Beastly Appendage     Tmut           6%         N/A       21%         1

Your spell library contained the following spells:

 Spells                   Type           Power      Damage    Failure   Level
 Wereblood                Tmut           3%         N/A       30%         2
 Spider Form              Tmut/Pois      0%         N/A       63%         3
 Ice Form                 Ice/Tmut       1%         N/A       95%         4


Dungeon Overview and Level Annotations

Branches:
Dungeon (2/15)

Altars:

Annotations:
D:2 Sigmund


Innate Abilities, Weirdness & Mutations

You are too large for most types of armour.
You have claws for hands.
Your natural rate of healing is unusually fast.
You are covered in fur. (AC +1)
You have tough skin. (AC +1)


Message History

There is an empty arch of ancient stone here.
There is an empty arch of ancient stone here.
There is an empty arch of ancient stone here.
There is a stone staircase leading down here.
You climb downwards.
A hobgoblin comes into view.
The hobgoblin shouts!
There is a stone staircase leading up here.
The hobgoblin hits you but does no damage.
Found a stone staircase leading down.
You scratch the hobgoblin.
The hobgoblin is almost dead.
The hobgoblin closely misses you.
You closely miss the hobgoblin.
The hobgoblin is almost dead.
The hobgoblin hits you but does no damage.
You scratch the hobgoblin.
The hobgoblin is almost dead.
The hobgoblin barely misses you.
You barely miss the hobgoblin.
The hobgoblin is almost dead.
Sigmund the Dreaded comes into view.
He is wielding a +0 scythe.
The hobgoblin barely misses you.
Sigmund shouts!
You scratch the hobgoblin.
The hobgoblin is almost dead.
The hobgoblin hits you but does no damage.
You claw the hobgoblin!
You kill the hobgoblin!
Sigmund hits you from afar with a +0 scythe!
Ouch! That really hurt!
Sigmund hits you with a +0 scythe.
You claw Sigmund!
Sigmund is moderately wounded.
Sigmund points at you and mumbles some strange words.
The puff of flame hits you!
* * * LOW HITPOINT WARNING * * *
Sigmund hits you from afar with a +0 scythe!
Ouch! That really hurt!
You die...

####.##
##.....
####>..#.
.......
#...# #
##.@##.#
#....@.#
#.#......#
#.########
#<# #.#
#.# #.#
#.#


You could see Sigmund.

Vanquished Creatures
  An endoplasm (D:1)
  A hobgoblin (D:2)
  A ball python (D:1)
  A goblin (D:1)
  2 kobolds (D:1)
  3 rats (D:1)
9 creatures vanquished.

Vanquished Creatures (others)
  2 plants (D:1)
2 creatures vanquished.

Grand Total: 11 creatures vanquished

Notes
Turn   | Place    | Note
-------+----------+-------------------------------------------
     0 | D:1      | rvierbuc the Troll Transmuter began the quest for the Orb.
     0 | D:1      | Reached XP level 1. HP: 18/18 MP: 1/1
   332 | D:2      | Noticed Sigmund
   338 | D:2      | Slain by Sigmund

Illustrated notes

Levels and vault maps discovered:
D:1:      nzn_arrival_settlement, layout_rooms, serial_forest,
          infiniplex_forest_lined_corner, infiniplex_forest_join,
          infiniplex_forest_clump_medium, infiniplex_forest_lined_room_3,
          infiniplex_forest_lined_4_way, infiniplex_forest_clump_small,
          infiniplex_forest_lined_2, infiniplex_forest_lined_corner,
          infiniplex_forest_end_double, infiniplex_forest_lined_2,
          shapermc_ecumenical_altar_acropolis, minmay_distorted
D:2:      layout_loops_corners, uniq_sigmund, uniq_jessica

Action                   || total
-------------------------++-------
Melee: Unarmed           ||    35
 Cast: Beastly Appendage ||     1
Armor: Robe              ||     8
Dodge: Dodged            ||     9
